[Event "Early-Titled-Tuesday-Blitz-December-26-2023"]
[Site "Chess.com"]
[Date "2023.12.26"]
[Round "4"]
[White "YouJustFoundYourGodfather"]
[Black "artin10862"]
[Result "0-1"]
[WhiteElo "2620"]
[BlackElo "2926"]
[TimeControl "180+1"]
[EndTime "8:39:15 PST"]
[Termination "artin10862 won by checkmate"]

1. c4 c6 2. e3 e5 3. Nf3 e4 4. Nd4 Nf6 5. Nc3 g6 6. Qc2 Qe7 7. d3 exd3 8. Bxd3 Bg7 9. O-O O-O 10. b3 Rd8 11. Bb2 Na6 12. a3 Nc5 13. Be2 d6 14.
Rad1 h5 15. h3 Ne6 16. Nf3 Nc5 17. b4 Bf5 18. Qd2 Nb3 19. Qe1 a5 20. Bd3 Bxd3 21. Rxd3 Qe6 22. Ne2 a4 23. Nfd4 Qxc4 24. Rc3 Qd5 25.
Nf4 Qe4 26. Nxb3 axb3 27. Rxb3 d5 28. Qa1 Qe7 29. Rd1 Ne8 30. Rbd3 Bxb2 31. Qxb2 Nd6 32.
Qb3 b5 33. Ne2 Nc4 34. Qa2 Qxb4 35. Nd4 Qd6 36. Rc3 Ra4 37. Qc2 Rda8 38. e4 Rxa3 39.
exd5 Qxd5 40. Nxb5 Qxb5 41. Rxc4 Ra2 42. Qc3 Qb6 43. Rxc6 Qxf2+ 44. Kh1 Qxg2# 0-1

[Event "Early-Titled-Tuesday-Blitz-December-26-2023"]
[Site "Chess.com"]
[Date "2023.12.26"]
[Round "4"]
[White "nitpicker"]
[Black "SARGISMV"]
[Result "0-1"]
[WhiteElo "2308"]
[BlackElo "2520"]
[TimeControl "180+1"]
[EndTime "8:39:15 PST"]
[Termination "SARGISMV won on time"]

1. d4 Nf6 2. c4 c5 3. d5 e6 4. Nc3 exd5 5. cxd5 Bd6 6. e4 O-O 7. Bd3 Re8 8. Nge2 a6 9. a4 Bc7 10. Bg5 d6 11. O-O Nbd7 12. f4 Rb8 13. Kh1 Ba5 14.
Qc2 h6 15. Bh4 Qc7 16. b3 Ng4 17. Rf3 c4 18. Bxc4 b5 19. axb5 axb5 20. Bd3 b4 21. Nd1 Qxc2 22. Bxc2 Bb6 23. Be1 Bc5 24. h3 Ngf6 25.
Ng3 Bd4 26. Rc1 Nc5 27. Bf2 Bxf2 28. Nxf2 Ba6 29. Nf5 Nfxe4 30. Nxe4 Nxe4 31. Bxe4 Rxe4 32. Nxd6 Rd4 33. Rc6 Bd3 34. Nf5 Bxf5 35. d6 Rd8 36. Re3 R8xd6 37. Re8+ Kh7 38. Rc7 Rd1+ 39. Kh2 Be6 40.
Ree7 Bxb3 41. f5 Rf6 42. g4 Rd2+ 43. Kg3 Rd3+ 44. Kf4 Rfd6 45. Re8 R6d4+ 46. Ke5 Re3+ 47. Kxd4 Rxe8 48. Rb7 Rd8+ 49. Ke5 Bd5 50. Rb5 f6+ 51.
Kf4 b3 52. h4 Bf7 53. g5 hxg5+ 54. hxg5 fxg5+ 55. Kxg5 Rd5 56. Rb7 Bg6 0-1

[Event "Early-Titled-Tuesday-Blitz-December-26-2023"]
[Site "Chess.com"]
[Date "2023.12.26"]
[Round "4"]
[White "Zavgorodniy_Sergiy"]
[Black "snowlord"]
[Result "1-0"]
[WhiteElo "2624"]
[BlackElo "2908"]
[TimeControl "180+1"]
[EndTime "8:39:17 PST"]
[Termination "Zavgorodniy_Sergiy won by resignation"]

1. d4 Nf6 2. c4 e6 3. Nf3 Bb4+ 4. Nbd2 O-O 5. g3 b6 6. Bg2 Bb7 7. O-O a5 8. b3 a4 9. Rb1 axb3 10.
axb3 Nc6 11. Bb2 Ne7 12. Qc2 Bxd2 13. Nxd2 Bxg2 14. Kxg2 d5 15. Ra1 Qd7 16. Nf3 dxc4 17. Qxc4 c6 18. Ba3 Rfc8 19. Bxe7 Rxa1 20. Rxa1 Qxe7 21.
Qa6 Qc7 22. Rc1 g6 23. Ne5 c5 24. dxc5 bxc5 25. Nd3 Nd7 26. Rc4 Qd8 27. Qd6 Kg7 28.
Nxc5 Nxc5 29. Qxd8 Rxd8 30. Rxc5 Rd2 31. Kf3 Rb2 32. Rb5 h5 33. h4 Kf6 34. Rb7 e5 35. Ke3 Ke6 36. b4 Rb3+ 37. Kd2 Rb2+ 38. Kd3 f6 39.
Rb6+ Ke7 40. f3 g5 41. hxg5 fxg5 42. Rh6 Rxb4 43. Rxh5 Kf6 44. Rh6+ Kf7 45. Rc6 g4 46. Rc4 Rb3+ 47. Ke4 gxf3 48. exf3 Ke6 49. Rc6+ Kd7 50. Rc4 Kd6 51. Ra4 Rc3 52. g4 Rc1 53. Ra6+ Ke7 54.
Kxe5 Re1+ 55. Kf4 Rf1 56. g5 Kf7 57. Ra7+ Kg6 58. Ra6+ Kg7 59. Kg4 Rg1+ 60. Kf5 Rb1 61. Ra7+ 1-0

[Event "Early-Titled-Tuesday-Blitz-December-26-2023"]
[Site "Chess.com"]
[Date "2023.12.26"]
[Round "4"]
[White "quvnoq_muxlis"]
[Black "MIss_MIaMI"]
[Result "1-0"]
[WhiteElo "2727"]
[BlackElo "2429"]
[TimeControl "180+1"]
[EndTime "8:39:17 PST"]
[Termination "quvnoq_muxlis won by checkmate"]

1. e4 c5 2. Nf3 e6 3. c3 b6 4. d4 Bb7 5. Bd3 Nf6 6. Nbd2 d6 7. O-O Be7 8. Re1 Nc6 9. Nf1 h6 10. Ng3 cxd4 11. cxd4 Rc8 12. a3 Na5 13. b4 Nc6 14. Bb2 O-O 15. Rc1 a6 16. d5 exd5 17.
exd5 Nb8 18. Rxc8 Bxc8 19. Bb1 Bg4 20. Qd3 g6 21. Nd4 Nxd5 22. Qe4 Nf6 23. Qxe7 Qxe7 24. Rxe7 Nd5 25. Re1 Rc8 26. f3 Bd7 27. Kf2 a5 28.
bxa5 bxa5 29. Ne4 Na6 30. Ba2 Nb6 31. Nf6+ Kf8 32. Rc1 Rxc1 33. Bxc1 Ba4 34. Bxh6+ Ke7 35. Bg5 Kf8 36. h4 Nc5 37. Ke3 Nc8 38. g4 d5 39. h5 Nd6 40. h6 Nc4+ 41. Bxc4 dxc4 42. Nd5 Ne6 43. Nxe6+ fxe6 44. Nc3 Bb3 45. Bf6 Kg8 46. g5 Kh7 47. f4 e5 48. Bxe5 a4 49. Kd4 Bc2 50. Kc5 Bf5 51. Kb4 Bd3 52. Nxa4 Bf5 53.
Nc3 Kg8 54. a4 Kh7 55. a5 Kg8 56. Kc5 Kh7 57. Kb6 Be4 58. a6 Bd5 59. a7 Bf3 60. Kc5 Bg2 61. Nd5 Bxd5 62. Kxd5 Kg8 63. a8=Q+ Kh7 64. Qh8# 1-0

[Event "Early-Titled-Tuesday-Blitz-December-26-2023"]
[Site "Chess.com"]
[Date "2023.12.26"]
[Round "4"]
[White "elchacal664"]
[Black "LeoLV10"]
[Result "1-0"]
[WhiteElo "2296"]
[BlackElo "2468"]
[TimeControl "180+1"]
[EndTime "8:39:17 PST"]
[Termination "elchacal664 won by resignation"]

1. e4 c6 2. d4 d5 3. f3 e6 4. a3 Nd7 5. Nc3 Bd6 6. e5 Bc7 7. f4 Ne7 8. Nf3 h5 9. Bd3 c5 10. Be3 c4 11. Be2 Nf5 12. Bf2 Rb8 13.
Ng5 g6 14. h3 h4 15. Bg4 Ng7 16. Nb5 a6 17. Nxc7+ Qxc7 18. Qd2 b5 19. O-O Bb7 20. Qe1 Nb6 21. Bxh4 c3 22. b3 Nc8 23. Bf2 Ne7 24. a4 b4 25. Bf3 a5 26. g4 Kf8 27.
Be2 Bc8 28. Rd1 Bd7 29. Bd3 Ng8 30. Be3 Ke7 31. Rf2 Rf8 32. Qf1 Nh6 33. Rg2 Kd8 34.
Qf3 Be8 35. Rf1 Ng8 36. Kf2 Ne7 37. Ke1 Bc6 38. Kd1 f5 39. Rfg1 fxg4 40. hxg4 Kc8 41. Rg3 Bd7 42. Rh3 Qd8 43. Rgh1 Kc7 44. Qg3 Kb6 45.
Rh7 Rxh7 46. Rxh7 Rg8 47. Qh4 Qf8 48. Qh6 Nc8 49. Bxg6 Kc6 50. Bd3 Nb6 51. Bb5+ Kc7 52. Bd3 Bc6 53. Qf6 Bd7 54. Qxf8 Rxf8 55. Rxg7 1-0

[Event "Early-Titled-Tuesday-Blitz-December-26-2023"]
[Site "Chess.com"]
[Date "2023.12.26"]
[Round "4"]
[White "newyorkmouse"]
[Black "Kimster98"]
[Result "1-0"]
[WhiteElo "2479"]
[BlackElo "2610"]
[TimeControl "180+1"]
[EndTime "8:39:19 PST"]
[Termination "newyorkmouse won by resignation"]

1. Nf3 b6 2. a4 a5 3. Na3 Bb7 4. Nc4 Nf6 5. d4 e6 6. Bf4 Be7 7. e3 O-O 8. Bd3 Ne4 9. O-O f5 10.
h3 d6 11. Nfd2 Nd7 12. Nxe4 fxe4 13. Be2 e5 14. dxe5 d5 15. Na3 Bg5 16. Bh2 Qe7 17.
Qd4 Rae8 18. Nb5 Nxe5 19. Bxe5 Qxe5 20. c3 c5 21. Qxe5 Rxe5 22. Rad1 Bf6 23. c4 Rd8 24. cxd5 Bxd5 25. Rxd5 Rexd5 26. Bc4 Kf8 27. Bxd5 Rxd5 28.
b3 Rd3 29. Rb1 Ke7 30. Kf1 Ke6 31. Ke2 Bg5 32. f4 Bf6 33. g4 g6 34. Nc7+ Kd7 35. Nb5 Kc6 36. Na7+ Kb7 37. Nb5 Kc6 38. Na7+ Kb7 39.
Nb5 Bc3 40. Rd1 Rxd1 41. Kxd1 Bf6 42. Nd6+ Kc6 43. Nxe4 Bg7 44. Ke2 b5 45. axb5+ Kxb5 46. Kd3 Kb4 47. Kc2 c4 48. bxc4 Kxc4 49. Ng5 h6 50. Ne6 Bf6 51. Nf8 a4 52. Nd7 Bg7 53. f5 gxf5 54. gxf5 Kd5 55. f6 Bxf6 56. Nxf6+ Ke6 57.
Ng4 h5 58. Nf2 Kd5 59. Kb2 Kc4 60. Ka3 Kb5 61. e4 Kc4 62. Kxa4 Kd4 63. Kb4 1-0

[Event "Early-Titled-Tuesday-Blitz-December-26-2023"]
[Site "Chess.com"]
[Date "2023.12.26"]
[Round "4"]
[White "defenceboy"]
[Black "rquery98"]
[Result "0-1"]
[WhiteElo "2838"]
[BlackElo "2753"]
[TimeControl "180+1"]
[EndTime "8:39:22 PST"]
[Termination "rquery98 won by resignation"]

1. e4 e5 2. Nf3 Nc6 3. Bc4 Bc5 4. c3 Nf6 5. d3 O-O 6. O-O d6 7. Re1 Bb6 8. Bb3 Ng4 9. Re2 Kh8 10. h3 f5 11.
exf5 Nxf2 12. Rxf2 Bxf2+ 13. Kxf2 Bxf5 14. Kg1 d5 15. Bg5 Qd7 16. Qe2 e4 17. dxe4 dxe4 18. Nh4 Be6 19. Nd2 Bxb3 20. axb3 Rae8 21. Rf1 Rxf1+ 22. Nxf1 Qd5 23. Qh5 Qe6 24. Ne3 Kg8 25. b4 Qf7 26. Qxf7+ Kxf7 27. Nhf5 Ne5 28. Bf4 g6 29. Nh6+ Ke6 30.
Nhg4 Nd3 31. Bxc7 Nxb2 32. Be5 Nd3 33. Bd4 b6 34. Nf6 Ra8 35. Nxe4 a5 36. bxa5 bxa5 37. Nc5+ Nxc5 38. Bxc5 a4 39. Nc2 Kd5 40. Bb4 Kc4 41. Kf2 Kb3 42. Na3 Rd8 43. Ke3 Rb8 44. Nb1 Kb2 45. Nd2 Rc8 46. Kd3 a3 47. c4 Rd8+ 48.
Ke2 a2 49. Ne4 Re8 50. Kd3 Rxe4 51. Bc3+ Kb3 52. Kxe4 Kxc3 53. c5 a1=Q 54. c6 Qa6 0-1

[Event "Early-Titled-Tuesday-Blitz-December-26-2023"]
[Site "Chess.com"]
[Date "2023.12.26"]
[Round "4"]
[White "fugadelafuga"]
[Black "MightyGMpretender"]
[Result "0-1"]
[WhiteElo "2431"]
[BlackElo "2727"]
[TimeControl "180+1"]
[EndTime "8:39:22 PST"]
[Termination "MightyGMpretender won by resignation"]

1. c4 g6 2. Nc3 Bg7 3. g3 Nf6 4.
Bg2 O-O 5. Nf3 e6 6. O-O d5 7. cxd5 exd5 8. d4 c6 9. Bf4 Nh5 10. Bg5 Bf6 11. Bh6 Bg7 12. Bg5 Bf6 13. Bh6 Re8 14.
Re1 Bf5 15. Qb3 Qb6 16. Qxb6 axb6 17. a3 Bg7 18. Be3 Nd7 19. h3 Nhf6 20. g4 Be4 21. Bf4 b5 22. Ne5 Bxg2 23. Kxg2 Nxe5 24. Bxe5 Nd7 25. Bxg7 Kxg7 26. e4 dxe4 27. Nxe4 Ra4 28. Rad1 Rc4 29. Re3 Rc2 30. Rd2 Rxd2 31. Nxd2 Rd8 32.
Nb3 Kf8 33. Kf3 Nb6 34. Na5 Rd7 35. Ke4 Nd5 36. Re2 Re7+ 37. Kf3 Rd7 38. Re5 Nb6 39.
Re4 Na4 40. b3 Nc3 41. Re3 Nb1 42. b4 Nd2+ 43. Ke2 Nc4 44. Rd3 Nxa5 45. bxa5 Rd8 46.
g5 Ra8 47. d5 Rxa5 48. dxc6 bxc6 49. Rd6 Rxa3 50. Rxc6 Rxh3 51. Rb6 Rb3 52. Rb7 Rb4 53. Kf3 Kg7 54. Kg3 Rb1 55. f4 b4 56. Kg2 b3 57.
Kh2 Rf1 58. Kg3 Rg1+ 59. Kh2 Rb1 60. Kg2 b2 61. Rb8 h5 62. Rb7 Kf8 63. Rb6 Ke7 64. Rb3 Ke6 65. Rb5 Kd6 66. Rb7 Kd5 67. Rb4 Kc5 68.
Rb7 Kd4 69. Rb4+ Ke3 70. Rb7 Kxf4 71. Rxf7+ Kxg5 72. Rc7 Kh4 73. Rc4+ Kg5 74. Rc5+ Kh6 75. Rb5 h4 76. Rb7 Kh5 77. Rb5+ g5 78. Rb7 g4 79.
Rb5+ Kg6 80. Rb6+ Kf7 81. Rb7+ Ke8 82. Rb8+ Kd7 83. Rb7+ Kc6 84. Rb3 Kc5 85. Rb8 h3+ 86.
Kh2 g3+ 87. Kxh3 Rh1+ 88. Kg2 b1=Q 89. Rc8+ Kb6 0-1

[Event "Early-Titled-Tuesday-Blitz-December-26-2023"]
[Site "Chess.com"]
[Date "2023.12.26"]
[Round "4"]
[White "AlexanderL"]
[Black "IlanSchnaider"]
[Result "1-0"]
[WhiteElo "2863"]
[BlackElo "2691"]
[TimeControl "180+1"]
[EndTime "8:39:28 PST"]
[Termination "AlexanderL won on time"]

1. Nf3 Nf6 2. c4 g6 3. Nc3 Bg7 4. e4 e5 5. Nxe5 O-O 6. Be2 Re8 7. Nd3 Nxe4 8. O-O Nc6 9. Nf4 Nd4 10. Bd3 Nc5 11. Bb1 Nce6 12. d3 b6 13. Be3 Nxf4 14. Bxf4 Bb7 15. f3 d5 16. cxd5 Bxd5 17.
Bc2 Bb7 18. Kh1 c5 19. Ba4 Re6 20. Ne4 h6 21. Bb3 Nxb3 22. Qxb3 Bd5 23. Qc2 Kh7 24. Rfe1 Qd7 25. Re2 Rae8 26. Rae1 Qe7 27. b3 Qd7 28. Bc1 Bc6 29. Bb2 Bd4 30. Bxd4 Qxd4 31. h3 Bb5 32.
Nf2 Re3 33. Rxe3 Rxe3 34. Rxe3 Qxe3 35. a4 Bc6 36. Ng4 Qe1+ 37. Kh2 f5 38. Nf2 Qe5+ 39. Kg1 Qe1+ 40. Kh2 Bd5 41. d4 Qe3 42. dxc5 bxc5 43. Nd3 Ba8 44. Nxc5 Qe5+ 45. Kg1 Qe1+ 46. Kh2 Qe5+ 47.
f4 Qxf4+ 48. Kg1 Qe3+ 49. Kf1 Bd5 50. Nd3 Be4 51. Qc7+ Kg8 52. Qd8+ Kg7 53. Qe7+ Kg8 54. Qd8+ Kg7 55. Qc7+ Kg8 56. Ne5 Qf4+ 57. Ke2 Bd5 58. Qd8+ Kg7 59. Qxd5 Qg3 60. Qf7+ Kh8 61. Nxg6+ 1-0

[Event "Early-Titled-Tuesday-Blitz-December-26-2023"]
[Site "Chess.com"]
[Date "2023.12.26"]
[Round "4"]
[White "CarlosjPineror"]
[Black "SahibSinghKnight"]
[Result "0-1"]
[WhiteElo "2491"]
[BlackElo "2685"]
[TimeControl "180+1"]
[EndTime "8:39:30 PST"]
[Termination "SahibSinghKnight won by resignation"]

1. e4 e6 2. d4 d5 3. e5 c5 4. c3 Qb6 5. Nf3 Bd7 6. a3 Bb5 7. c4 Bxc4 8. Bxc4 dxc4 9. d5 exd5 10. Qxd5 Qc6 11. Qxc4 Nd7 12. O-O b5 13. Qe2 a6 14.
Nc3 Ne7 15. Ne4 Ng6 16. e6 Qxe6 17. Nfg5 Qe5 18. Qf3 O-O-O 19. Nxf7 Qe6 20. Nxh8 Nde5 21. Qg3 Rd3 22. f3 Nxh8 23. Bf4 Nhf7 24. Rad1 c4 25. Ng5 Qb6+ 26. Kh1 Nxg5 27. Qxg5 Rxd1 28. Rxd1 Nd3 29. Qf5+ Kb7 30. Qf7+ Kc6 31. Qe8+ Kb7 32. Qd7+ Ka8 33.
Qe8+ Kb7 34. Be3 Qf6 35. Qd7+ Kb8 36. b4 Qd6 37. Qe8+ Kb7 38. Rf1 c3 39. Qf7+ Kc8 40. g3 Ne5 41. Kg2 Nc4 42. Qf5+ Kd8 43. Bg5+ Ke8 44.
Re1+ Be7 45. Bxe7 Qd2+ 46. Kh3 Qxe1 47. Qf8+ Kd7 48. Qd8+ Ke6 49. Bg5 Qf1+ 50. Kg4 Ne5+ 51. Kh5 Qxf3+ 0-1

[Event "Early-Titled-Tuesday-Blitz-December-26-2023"]
[Site "Chess.com"]
[Date "2023.12.26"]
[Round "4"]
[White "slorovel"]
[Black "ilushka"]
[Result "1/2-1/2"]
[WhiteElo "2634"]
[BlackElo "2458"]
[TimeControl "180+1"]
[EndTime "8:39:34 PST"]
[Termination "Game drawn by stalemate"]

1. e4 e6 2. d4 d5 3. exd5 exd5 4. Bd3 Nc6 5. c3 Bd6 6. Nf3 Nge7 7. O-O O-O 8. Nbd2 Bf5 9. Bxf5 Nxf5 10. Re1 Qd7 11. Nf1 Rfe8 12. Rxe8+ Rxe8 13. Qd3 f6 14. Ng3 Nxg3 15.
hxg3 a6 16. a4 Ne7 17. Bd2 Qf5 18. Qxf5 Nxf5 19. Kf1 Kf7 20. Re1 Rxe1+ 21. Bxe1 c6 22. Ke2 h5 23. Kd3 g5 24. b3 g4 25. Nh2 Ke6 26.
c4 b5 27. axb5 axb5 28. Nf1 Bf8 29. Bd2 bxc4+ 30. bxc4 Nd6 31. Ne3 Bh6 32. cxd5+ cxd5 33. f3 Bxe3 34. Bxe3 Kf5 35. Bf4 Nf7 36. Ke3 Nd8 37. Bc7 Ne6 38. Bd6 Kg5 39. Kd3 gxf3 40. gxf3 h4 41.
g4 h3 42. Ke3 f5 43. gxf5 Kxf5 44. Be5 Ng5 45. Kf2 Kg6 46. f4 Ne6 47. Kg3 Kf5 48.
Kxh3 Nxf4+ 49. Kg3 Ne2+ 50. Kf3 Nc3 51. Ke3 Nb5 52. Kd3 Na3 53. Kc3 Nc4 54. Bh8 Ke4 55.
Kb4 Ne3 56. Kc5 Nf5 57. Bf6 Ng3 58. Kd6 Ne2 59. Kc5 Nc1 60. Kb4 Ne2 61. Kc5 Nf4 62. Bh8 Nd3+ 63. Kd6 Nc1 64. Kc5 Nb3+ 65. Kb4 Nxd4 66.
Kc3 Nc6 67. Kd2 Ne5 68. Bg7 d4 69. Bh8 Nf3+ 70. Kd1 d3 71. Bc3 Nd4 72. Bxd4 Kxd4 73. Kd2 Kc4 74. Kd1 Kc3 75. Kc1 d2+ 76. Kd1 Kd3 1/2-1/2

[Event "Early-Titled-Tuesday-Blitz-December-26-2023"]
[Site "Chess.com"]
[Date "2023.12.26"]
[Round "4"]
[White "ValentunHulka"]
[Black "FoxOnTheRun97"]
[Result "1-0"]
[WhiteElo "2752"]
[BlackElo "2572"]
[TimeControl "180+1"]
[EndTime "8:39:42 PST"]
[Termination "ValentunHulka won by resignation"]

1. b3 d5 2. Bb2 Nf6 3. e3 Bf5 4.
Nf3 e6 5. c4 c6 6. Nc3 Be7 7.
Be2 h6 8. O-O O-O 9. Rc1 a5 10. d3 Bh7 11. Qd2 Nbd7 12. Rfd1 Qb8 13. h3 Rd8 14. Qe1 b5 15. cxb5 cxb5 16. d4 b4 17. Na4 Rc8 18. Rxc8+ Qxc8 19. Rc1 Qb7 20.
Qf1 Ne4 21. Qd1 Rc8 22. Nd2 Bd6 23. Nxe4 Bxe4 24. f3 Bg6 25. Kf2 h5 26. h4 Qb8 27. f4 Nf6 28. g3 Rxc1 29. Qxc1 Qc7 30. Qxc7 Bxc7 31. a3 Bc2 32. axb4 Bxb3 33. Nc5 a4 34. Nxb3 axb3 35. Bd1 Bd6 36. b5 Kf8 37. Bxb3 Ne4+ 38. Kg2 Ke7 39. Bd1 g6 40. g4 hxg4 41.
Bxg4 Kd7 42. Be2 Kc7 43. h5 gxh5 44. Bxh5 f6 45. Bf7 Kd7 46. Kf3 Nd2+ 47. Kg4 Nc4 48. Bc1 Bb4 49. f5 e5 50. Bxd5 Nb6 51. Bc6+ Kd6 52.
dxe5+ Kxe5 53. Bb2+ Kd6 54. Bxf6 Bc5 55. Bd4 Nc4 56.
Bxc5+ Kxc5 57. Kf4 Kd6 58. e4 Ne5 59. Bd5 Nd3+ 60.
Ke3 Nc5 61. Kd4 Nd7 62. f6 Nb6 63. f7 Ke7 64. Kc5 Nd7+ 65. Kc6 Ne5+ 66. Kc7 Nd3 67.
b6 Nc5 68. b7 Na6+ 69. Kc8 Kf8 70. b8=Q Nxb8 71. Kxb8 Ke7 72. Kc7 Kf8 73. Kd7 Kg7 74.
Ke7 1-0

[Event "Early-Titled-Tuesday-Blitz-December-26-2023"]
[Site "Chess.com"]
[Date "2023.12.26"]
[Round "4"]
[White "Matols"]
[Black "Navyblue1"]
[Result "0-1"]
[WhiteElo "2381"]
[BlackElo "2178"]
[TimeControl "180+1"]
[EndTime "8:39:42 PST"]
[Termination "Navyblue1 won by resignation"]

1. d4 Nf6 2. c4 g6 3. g3 Bg7 4. Bg2 O-O 5. Nc3 d6 6. Nf3 c6 7.
O-O Qb6 8. h3 Qa6 9. b3 b5 10.
cxb5 cxb5 11. Bb2 Bb7 12. a4 b4 13. Nb5 Qb6 14. d5 a6 15. Nbd4 Bxd5 16. e3 Qb7 17. Rc1 Nbd7 18. Ne1 Nc5 19. Bxd5 Qxd5 20. Rc4 e5 21.
Rxb4 exd4 22. Rxd4 Qxb3 23. Qa1 Nfe4 24. Rb4 Bxb2 25.
Qxb2 Qxb2 26. Rxb2 Nxa4 27. Rb4 Nac5 28. Nf3 Rab8 29. Rd4 a5 30. h4 a4 31. Ng5 Nxg5 32.
hxg5 Rfd8 33. Kg2 a3 34. Ra1 Ra8 35. Ra2 Nb3 36. Rc4 Nc5 37. Kf3 Rdb8 38. Rc3 Rb2 39.
Raxa3 Rxa3 40. Rxa3 Ne6 41. Ra5 Rd2 42. Rb5 d5 43. Ra5 Nxg5+ 44. Kg4 Ne4 45. f3 Nf6+ 46.
Kg5 Kg7 47. g4 h6+ 48. Kf4 d4 49. exd4 Rxd4+ 50. Kg3 Rd3 51. Rb5 Ne4+ 52. Kf4 Nd6 53. Ra5 Ne8 54. Rb5 Nf6 55. Ra5 Rd4+ 56. Ke3 Rb4 57.
Rc5 g5 58. Rf5 Rb3+ 59. Kf2 Kg6 60. Ra5 h5 61. gxh5+ Nxh5 62. Ra6+ f6 63. Ra5 Rb2+ 64. Ke3 Rb3+ 65. Kf2 Nf4 66. Ra6 Nd3+ 67. Kg3 Ne5 0-1

[Event "Early-Titled-Tuesday-Blitz-December-26-2023"]
[Site "Chess.com"]
[Date "2023.12.26"]
[Round "4"]
[White "PeshkaCh"]
[Black "TheFireChess"]
[Result "1-0"]
[WhiteElo "2830"]
[BlackElo "2516"]
[TimeControl "180+1"]
[EndTime "8:39:43 PST"]
[Termination "PeshkaCh won by resignation"]

1. Nf3 f5 2. d3 Nf6 3. e4 d6 4. exf5 Bxf5 5. d4 Nc6 6. Bd3 Bxd3 7. Qxd3 e5 8. dxe5 dxe5 9. Qb5 Qd5 10.
Qxb7 Qe4+ 11. Be3 Rb8 12. Qxc7 Bb4+ 13. c3 O-O 14. cxb4 Qxb4+ 15. Nbd2 Rfc8 16. Qxc8+ Rxc8 17. O-O e4 18. Ng5 h6 19. a3 Qxb2 20. Ngxe4 Nxe4 21. Nxe4 Ne5 22. h3 Nd3 23. Rfb1 Qe5 24. Nd2 Rc2 25. Rd1 Qf5 26. Nf3 Ne5 27. Nd4 Qg6 28. Nxc2 Qxc2 29. Bxa7 Ng6 30. Be3 Nh4 31. Kh1 Qe4 32. Rg1 g5 33.
Rae1 g4 34. Bg5 Qc6 35. Bxh4 gxh3 36. Bg3 h5 37. Kh2 h4 38. Bxh4 Qd6+ 39. Bg3 Qxa3 40. gxh3 Kf7 41. Re3 Qb2 42. Rge1 Qc2 43. Re7+ Kf6 44.
R1e6+ Kf5 45. Re5+ Kf6 46. Bh4+ Kg6 47. R5e6+ Kh5 48.
Bg3 Kg5 49. Rg7+ Kf5 50. Re5+ Kf6 51. Rg4 Qd3 52. Re3 Qd5 53. Rf4+ Kg6 54. Rfe4 Qa2 55. Re6+ Kf7 56. h4 Qd5 57. Re7+ Kf8 58. Re8+ Kf7 59.
R3e7+ Kf6 60. Re6+ Kf7 61. R8e7+ Kf8 62. Re5 Qa2 63.
Rc7 Qa8 64. Rb5 Qd8 65. Ra7 Qc8 66. Rb8 1-0

[Event "Early-Titled-Tuesday-Blitz-December-26-2023"]
[Site "Chess.com"]
[Date "2023.12.26"]
[Round "4"]
[White "Sina_Movahed"]
[Black "Sanyura"]
[Result "1-0"]
[WhiteElo "3018"]
[BlackElo "2626"]
[TimeControl "180+1"]
[EndTime "8:39:48 PST"]
[Termination "Sina_Movahed won by resignation"]

1. Nf3 Nf6 2. c4 g6 3. Nc3 Bg7 4. e4 d6 5. d4 O-O 6. Be2 e5 7. O-O Nc6 8. d5 Ne7 9. Ne1 Ne8 10. f3 f5 11. Be3 f4 12. Bf2 g5 13. c5 Rf7 14.
Rc1 Ng6 15. Nb5 a6 16. Na3 h5 17. cxd6 cxd6 18. Nc4 g4 19. fxg4 hxg4 20. Bxg4 Qg5 21. Bxc8 Rxc8 22. Nf3 Qh5 23. Nfd2 Qg5 24. Rc3 Bf8 25. Nxe5 Nxe5 26. Rxc8 Rg7 27. g3 Nf6 28. Kh1 Nfg4 29. gxf4 Qh5 30. Bg3 Rh7 31. fxe5 Nf2+ 32.
Rxf2 Qxd1+ 33. Kg2 Rf7 34. Rxf7 Kxf7 35. e6+ Kg7 36.
Nf3 Qe2+ 37. Bf2 Qxe4 38. h4 Qg4+ 39. Bg3 Qe4 40. h5 Qxd5 41. h6+ Kxh6 42. Rxf8 Qxe6 43. Rd8 Qe2+ 44. Bf2 Qe6 45. Rb8 Qg4+ 46. Bg3 Qe4 47. Rh8+ Kg7 48. Rd8 Qc2+ 49. Bf2 Qg6+ 50. Kh2 Qh6+ 51.
Nh4 Qf4+ 52. Bg3 Qd2+ 53. Kh3 Qd1 54. Rd7+ Kf6 55. Rxd6+ Qxd6 56. Bxd6 Ke6 57. Bf4 Kd5 58. Kg4 Kc4 59. Nf3 Kd3 60. Be5 Kc2 61. Bc3 a5 62.
a3 Kb3 63. Nd4+ Kc4 64. Kf4 b5 65. Nc6 b4 66. Nxa5+ Kb5 67. Bxb4 Ka4 68. Ke4 Kb5 69. Kd4 Ka4 70. Nc4 Kb5 71. b3 Ka6 72. a4 1-0

[Event "Early-Titled-Tuesday-Blitz-December-26-2023"]
[Site "Chess.com"]
[Date "2023.12.26"]
[Round "4"]
[White "LileKoridze"]
[Black "whitemirrorninja"]
[Result "1-0"]
[WhiteElo "2377"]
[BlackElo "2532"]
[TimeControl "180+1"]
[EndTime "8:39:49 PST"]
[Termination "LileKoridze won by checkmate"]

1. d4 g6 2. c4 f5 3. Nf3 Nf6 4. g3 Bg7 5. Bg2 O-O 6. O-O b6 7. Nc3 Bb7 8. d5 Na6 9. a3 Nc5 10.
Rb1 Nce4 11. Nb5 c6 12. dxc6 dxc6 13. Nbd4 Qc8 14. Qc2 c5 15. Nb5 Rd8 16. Bf4 Nd6 17.
Nxd6 exd6 18. Rbd1 Be4 19. Qc1 d5 20. cxd5 Nxd5 21. Nd2 Bxg2 22. Kxg2 Qc6 23. Kg1 Nxf4 24. gxf4 Qf6 25. Nc4 Qe6 26. e3 b5 27. Nd2 Qc6 28. Nb1 a5 29. Rxd8+ Rxd8 30. Rd1 Rxd1+ 31. Qxd1 Bxb2 32.
Qb3+ c4 33. Qxb2 Qc5 34. Qd4 Qxd4 35. exd4 b4 36. axb4 axb4 37. Nd2 c3 38. Nb3 Kf7 39. Kf1 Ke6 40. Ke2 Kd5 41. Kd3 h6 42. h4 h5 43. f3 c2 44. Kxc2 Kc4 45. Kb2 Kd5 46. Kc2 Kc4 47. d5 Kxd5 48. Kd3 Ke6 49.
Kc4 Kd6 50. Kxb4 Kd5 51. Kc3 Ke6 52. Kd4 Kd6 53. Nc5 Ke7 54. Ke5 Kf7 55. Nd7 Ke7 56. Nb6 Kf7 57. Nd5 Kg7 58. Ke6 Kh7 59. Kf6 Kh6 60. Ne7 Kh7 61. Nxg6 Kh6 62. Kxf5 Kg7 63. Ne5 Kh6 64. Ke6 Kg7 65. f5 Kh6 66. f6 Kh7 67. f7 Kg7 68. Ke7 Kh7 69. f4 Kh6 70. f8=Q+ Kh7 71. Qf7+ Kh6 72. Qg6# 1-0

[Event "Early-Titled-Tuesday-Blitz-December-26-2023"]
[Site "Chess.com"]
[Date "2023.12.26"]
[Round "4"]
[White "BogdanDeac"]
[Black "seopie"]
[Result "1-0"]
[WhiteElo "3011"]
[BlackElo "2822"]
[TimeControl "180+1"]
[EndTime "8:39:52 PST"]
[Termination "BogdanDeac won by resignation"]

1. d4 Nf6 2. c4 g6 3. Nc3 d5 4. cxd5 Nxd5 5. Bd2 Bg7 6. e4 Nxc3 7. Bxc3 O-O 8. Qd2 b6 9. Nf3 Bb7 10. Bd3 Nd7 11.
O-O e6 12. b4 Qe7 13. Rac1 Rfc8 14. Rfd1 c5 15. dxc5 Bxc3 16. Rxc3 bxc5 17. b5 Nb6 18. Rb1 c4 19. Bc2 Rd8 20. Qe3 Rac8 21. a4 Qc5 22. a5 Qxe3 23. fxe3 Nd7 24. Rb4 Rc5 25. Rcxc4 Rdc8 26. Rxc5 Rxc5 27. Bd3 Rc3 28. Bb1 Rxe3 29. Rd4 Nf6 30. Nd2 Ng4 31. g3 Rc3 32. Rd7 Bc8 33.
Rxa7 Rc1+ 34. Kg2 Rd1 35. Nc4 Rxb1 36. Nd6 Kg7 37. Rxf7+ Kh6 38. Rc7 Ra1 39. Rxc8 Rxa5 40. b6 Ra2+ 41. Kf1 Nxh2+ 42. Ke1 Nf3+ 43. Kf1 Nd2+ 44. Ke1 Rb2 45. b7 Nxe4 46. Nxe4 Rxb7 47. Kf2 Kg7 48. Rc6 Rf7+ 49. Ke3 Re7 50. Kf4 h6 51. Ke5 g5 52. Rxe6 Rxe6+ 53. Kxe6 Kg6 54. Ke5 h5 55.
Nf2 g4 56. Kf4 Kf6 57. Ne4+ Kg6 58. Nd2 Kf6 59. Nc4 Kg6 60. Nd6 Kf6 61. Nf5 Kg6 62.
Nh4+ Kf6 63. Ke4 Ke6 64. Kf4 Kf6 65. Ke3 Ke5 66. Ng2 Kf5 67. Kd4 Ke6 68. Nf4+ 1-0

[Event "Early-Titled-Tuesday-Blitz-December-26-2023"]
[Site "Chess.com"]
[Date "2023.12.26"]
[Round "4"]
[White "Yeritsyaan"]
[Black "Schattman"]
[Result "1-0"]
[WhiteElo "2671"]
[BlackElo "2459"]
[TimeControl "180+1"]
[EndTime "8:40:01 PST"]
[Termination "Yeritsyaan won on time"]

1. Nf3 Nf6 2. g3 g6 3. Bg2 Bg7 4. O-O d5 5. c4 c6 6. cxd5 cxd5 7. d4 O-O 8. Nc3 Ne4 9. Bf4 Nc6 10. Rc1 Bf5 11.
h4 h6 12. Ne5 Nxe5 13. dxe5 Nxc3 14. bxc3 e6 15. c4 g5 16. hxg5 hxg5 17. Be3 dxc4 18. Qxd8 Rfxd8 19. Bxg5 Rdb8 20. f4 a5 21. Rxc4 b5 22.
Rc7 Rc8 23. Rfc1 Rxc7 24. Rxc7 Rb8 25. e4 Bg4 26. Be7 b4 27. Ra7 b3 28. axb3 Rxb3 29. Rxa5 Rxg3 30. Kf2 Rb3 31. Ra7 Bh6 32. f5 Bf4 33.
Ra8+ Kh7 34. Bf6 Rb2+ 35. Kg1 Rb1+ 36. Bf1 exf5 37. exf5 Bxf5 38. Rh8+ Kg6 39. Rg8+ Kh7 40. Rg7+ Kh6 41. Kf2 Rb2+ 42. Kf3 Bc1 43. Rxf7 Rb3+ 44. Kf2 Rb2+ 45. Ke1 Bd2+ 46. Kd1 Bg4+ 47. Be2 Bxe2+ 48. Kxe2 Bg5+ 49. Kf3 Bxf6 50. Rxf6+ Kg7 51. Ke4 Rb4+ 52. Kf5 Rb5 53. Kf4 Rb4+ 54. Kf5 Rb5 55. Ra6 Kf7 56. Ra7+ Kf8 57. Kf6 Rb6+ 58. e6 Kg8 59. Ra8+ Kh7 60. Rf8 Rc6 61. Kf7 Rc1 62. Ra8 Rf1+ 63. Ke8 Kg7 64.
e7 Rd1 65. Ra3 Rd2 66. Rg3+ Kh7 67. Rg5 Rd3 68. Kf7 Rf3+ 69. Ke6 Re3+ 70. Re5 Rxe5+ 71. Kxe5 1-0